[Event "*** Titled Tuesday Blitz"]
[Site "Chess.com"]
[Date "2021.03.02"]
[Round "4"]
[White "Sanan_Sjugirov"]
[Black "bakki78"]
[Result "1/2-1/2"]
[WhiteElo "2930"]
[BlackElo "2785"]
[TimeControl "180+1"]
[EndTime "10:40:12 PST"]
[Termination "Game drawn by agreement"]

1. d4 d6 2. Nf3 Nf6 3. Bg5 g6 4.
Bxf6 exf6 5. g3 f5 6. Bg2 h5 7. h4 Bh6 8. e3 O-O 9. O-O Nd7 10. c4 Nf6 11. Nc3 Ng4 12. Qd3 Re8 13. Rfe1 c6 14.
Nh2 Nf6 15. b4 Bd7 16. Rab1 Rc8 17. a4 Qe7 18. b5 Rc7 19. bxc6 bxc6 20. a5 Ne4 21.
Nf3 Bc8 22. Nd2 Nf6 23. Ne2 Ba6 24. Qa3 Ng4 25. Rb3 Qf6 26. Bf3 c5 27. dxc5 Rxc5 28.
Kg2 Qe5 29. Rd3 Nf6 30. Qc3 Qxc3 31. Nxc3 Bxc4 32. Nxc4 Rxc4 33. Nb5 Ra4 34. a6 Rd8 35. Bb7 Ne4 36. Nxa7 Nc5 37. Rd5 Nxa6 38. Nc6 Re8 39. Bxa6 Rxa6 40. Rxd6 Kg7 41. Red1 Rc8 42. Nb4 Rxd6 43.
Rxd6 Rc7 44. Rb6 Rd7 45. Nc6 Kh7 46. Ne5 Re7 47. Nc4 Rc7 1/2-1/2

[Event "*** Titled Tuesday Blitz"]
[Site "Chess.com"]
[Date "2021.03.02"]
[Round "4"]
[White "agartha01"]
[Black "Vuk2000"]
[Result "1-0"]
[WhiteElo "2512"]
[BlackElo "2649"]
[TimeControl "180+1"]
[EndTime "10:40:12 PST"]
[Termination "agartha01 won on time"]

1. d4 e6 2. Bf4 Nf6 3. e3 d5 4. Nf3 Bd6 5. Bg3 O-O 6. Nbd2 c5 7. c3 Qc7 8. Bd3 Nbd7 9. O-O e5 10. dxe5 Nxe5 11. Nxe5 Bxe5 12. Nf3 Bxg3 13. hxg3 Re8 14. Qc2 Bg4 15. Bf5 Bxf3 16. gxf3 g6 17. Bd3 h5 18. Kg2 Kg7 19. c4 h4 20. Rh1 hxg3 21. Qc3 Qe5 22. Qxe5 Rxe5 23. f4 Re7 24. Kxg3 d4 25. Kf3 Rae8 26.
Rhe1 Ne4 27. Bxe4 Rxe4 28. b3 f5 29. Rad1 Kf6 30. Re2 Rh8 31. Kg2 Rh4 32. Rde1 Rg4+ 33. Kf3 Rh4 34. Kg3 g5 35. fxg5+ Kxg5 36. f4+ Kh5 37. exd4 Rg4+ 38. Kh3 Rxd4 39. Re8 Rd3+ 40.
Kh2 Rd2+ 41. Kh3 Rd3+ 42. Kh2 Rxf4 43. Rh8+ Kg4 44. Rg1+ Kf3 45. Rg3+ Ke4 46. Re8+ 1-0

[Event "*** Titled Tuesday Blitz"]
[Site "Chess.com"]
[Date "2021.03.02"]
[Round "4"]
[White "Savagelittlemole"]
[Black "swisspower96"]
[Result "1-0"]
[WhiteElo "2515"]
[BlackElo "2669"]
[TimeControl "180+1"]
[EndTime "10:40:13 PST"]
[Termination "Savagelittlemole won on time"]

1. e4 c5 2. Ne2 Nc6 3. g3 g6 4.
Bg2 Bg7 5. O-O d6 6. c3 e5 7. Na3 Nge7 8. Nc2 Qb6 9. d3 O-O 10. f4 f5 11. Kh1 fxe4 12. Bxe4 d5 13. Bg2 Be6 14. Ne3 d4 15. Nc4 Bxc4 16. dxc4 Rad8 17. fxe5 Rxf1+ 18. Qxf1 Nxe5 19. cxd4 cxd4 20. Bg5 Rf8 21. Qg1 Nf5 22. Nf4 h6 23. Nd5 Qxb2 24. Rb1 Qe2 25. Bf4 Nd3 26. Qf1 Qxf1+ 27. Bxf1 Nxf4 28. Nxf4 Ne3 29. Bd3 g5 30. Ne6 Rf7 31. Nd8 Rf2 32.
h4 gxh4 33. gxh4 b6 34. Ne6 Be5 35. Rg1+ Kf7 36. Nd8+ Ke8 37. Rg8+ Kd7 38. c5 bxc5 39. Bb5+ Kc7 40. Ne6+ Kb6 41. Bd3 Rd2 42. Be4 Rd1+ 43.
Rg1 Rxg1+ 44. Kxg1 Kb5 45. Kf2 Kb4 46. Ke2 Kc3 47.
Nxc5 Kb2 48. Nd3+ Kxa2 49. Nxe5 1-0

[Event "*** Titled Tuesday Blitz"]
[Site "Chess.com"]
[Date "2021.03.02"]
[Round "4"]
[White "Ekose"]
[Black "ChessFighter1975"]
[Result "1/2-1/2"]
[WhiteElo "2530"]
[BlackElo "2349"]
[TimeControl "180+1"]
[EndTime "10:40:13 PST"]
[Termination "Game drawn - insufficient material"]

1. d4 d6 2. Nf3 Nf6 3. Bg5 Nbd7 4. Nbd2 e5 5. dxe5 dxe5 6. e4 Be7 7. c3 c6 8. a4 h6 9. Bh4 O-O 10. Bc4 a5 11. Qe2 Qc7 12. O-O Nc5 13. Rfe1 Bg4 14. Bxf6 Bxf6 15. h3 Bh5 16. Nf1 Rad8 17. Ng3 Bg6 18.
b4 axb4 19. cxb4 Ne6 20. Bxe6 fxe6 21. Rac1 Qe7 22. b5 c5 23. Qc4 b6 24. a5 Rc8 25. axb6 Qf7 26. Red1 Bg5 27. Rc2 Bf4 28. Ne2 Kh7 29. Rd6 Rfe8 30. Nxf4 exf4 31. Ne5 Qf6 32. Nxg6 Qxg6 33. b7 f3 34. g3 Rb8 35. Rd7 Qh5 36.
Kh2 Red8 37. Rcd2 Rxd7 38. Rxd7 Qe5 39. Qd3 c4 40. Qd4 Qxd4 41. Rxd4 Rxb7 42. Rxc4 Rxb5 43. g4 Rb7 44. Kg3 Rf7 45. Rc3 Rb7 46. Rxf3 Kg6 47. Re3 e5 48. f4 exf4+ 49. Kxf4 Rb1 50. Kg3 Rg1+ 51. Kf2 Ra1 52. Rf3 Ra2+ 53. Kg3 Ra4 54.
Re3 h5 55. e5 hxg4 56. e6 Ra8 57. e7 Re8 58. Kxg4 Kf7 59. Kg5 Rxe7 60. Rxe7+ Kxe7 61. Kg6 Kf8 62. h4 Kg8 63. h5 Kh8 64. h6 gxh6 65. Kxh6 1/2-1/2

[Event "*** Titled Tuesday Blitz"]
[Site "Chess.com"]
[Date "2021.03.02"]
[Round "4"]
[White "j2806"]
[Black "Taktikmonster"]
[Result "1-0"]
[WhiteElo "2095"]
[BlackElo "2368"]
[TimeControl "180+1"]
[EndTime "10:40:13 PST"]
[Termination "j2806 won by checkmate"]

1. e4 c5 2. Nf3 d6 3. d4 cxd4 4.
Nxd4 Nf6 5. Nc3 Nc6 6. Be3 e5 7. Nb3 Be7 8. f3 O-O 9. Qd2 a5 10.
O-O-O a4 11. Na1 Be6 12. Kb1 Qa5 13. g4 Rfc8 14. h4 a3 15. b3 Nb4 16. h5 d5 17.
exd5 Nfxd5 18. Nxd5 Bxd5 19. Bg2 Bf6 20. c3 Nxa2 21.
Kxa2 Rxc3 22. Rc1 Rac8 23. Rxc3 Qxc3 24. Rc1 Qxd2+ 25. Bxd2 Rd8 26. Be3 Be7 27. Nc2 Bc6 28. Nxa3 Rd3 29. Bc5 Bxc5 30. Rxc5 Kf8 31. Rc2 Bxf3 32.
Bxf3 Rxf3 33. Rg2 e4 34. Nc4 Ke7 35. Kb2 Ke6 36. Kc2 Kd5 37. Nd2 Re3 38. g5 Kd4 39. g6 hxg6 40. hxg6 f5 41. Rf2 Ke5 42. Nc4+ Kd4 43.
Nxe3 Kxe3 44. Rxf5 Ke2 45. Rf7 e3 46. Rxg7 Ke1 47. Re7 e2 48. g7 b5 49. Rf7 b4 50.
Re7 Kf2 51. g8=Q e1=Q 52. Rxe1 Kxe1 53. Qe6+ Kf2 54. Qc4 Kg1 55. Qxb4 Kh2 56. Qd2+ Kh1 57. b4 Kg1 58. b5 Kh1 59. b6 Kg1 60. b7 Kf1 61.
b8=Q Kg1 62. Qg3+ Kh1 63. Qdh2# 1-0

[Event "*** Titled Tuesday Blitz"]
[Site "Chess.com"]
[Date "2021.03.02"]
[Round "4"]
[White "MFBerna"]
[Black "beto-betun"]
[Result "1-0"]
[WhiteElo "2402"]
[BlackElo "2193"]
[TimeControl "180+1"]
[EndTime "10:40:13 PST"]
[Termination "MFBerna won by resignation"]

1. d4 Nf6 2. c4 g6 3. Nc3 Bg7 4. Nf3 O-O 5. g3 d6 6. Bg2 c6 7. O-O Bg4 8. h3 Bxf3 9. Bxf3 Nbd7 10. Bg2 e5 11. b3 Qc7 12. Bb2 Rfe8 13. e3 Rad8 14.
Qc2 h5 15. Rad1 a6 16. Ba3 d5 17. dxe5 Nxe5 18. cxd5 cxd5 19. Qd2 h4 20. g4 Ne4 21. Nxe4 dxe4 22. Qe2 f5 23. gxf5 gxf5 24. Qh5 Qf7 25. Qxh4 Rxd1 26. Rxd1 Nd3 27. Bd6 Re6 28. Bg3 Rh6 29.
Qd8+ Kh7 30. Bf1 Rg6 31. Bxd3 exd3 32. Rxd3 Qf6 33. Qxf6 Bxf6 34. Rd7+ Kh6 35. Rxb7 Be5 36. Kg2 f4 37. exf4 Bxf4 38. Kf3 Bc1 39. Rc7 Bg5 40.
Rd7 Rf6+ 41. Kg2 Kg6 42. h4 Bd2 43. Rxd2 Re6 44. Rd6 Rxd6 45. Bxd6 Kh5 46. Bg3 Kg4 47. f3+ Kf5 48. Kh3 Kg6 49. a4 Kf7 50. b4 Ke6 51. b5 a5 52. Be1 Kd5 53. Bxa5 Kc5 54. h5 Kd6 55. h6 Ke6 56. h7 1-0

[Event "*** Titled Tuesday Blitz"]
[Site "Chess.com"]
[Date "2021.03.02"]
[Round "4"]
[White "gumimis"]
[Black "redblizzard"]
[Result "1-0"]
[WhiteElo "2303"]
[BlackElo "2445"]
[TimeControl "180+1"]
[EndTime "10:40:14 PST"]
[Termination "gumimis won by checkmate"]

1. e4 e5 2. Nf3 Nc6 3. Bb5 Nf6 4. O-O Nxe4 5. d4 Nd6 6. Bxc6 dxc6 7. dxe5 Nf5 8. Qe2 Nd4 9. Nxd4 Qxd4 10. Nc3 Be7 11. Rd1 Qg4 12. f3 Qg6 13. Be3 O-O 14. Ne4 b6 15.
Rd2 a5 16. Rad1 Be6 17. Nf2 h6 18. Nd3 Qf5 19. g4 Qh7 20. Nf4 Bc8 21. Qc4 c5 22. Nd5 Bd8 23. Nf6+ Bxf6 24. exf6 gxf6 25. Qf4 Bb7 26. Kf2 Rfe8 27. Qxc7 Rab8 28. Bf4 Qg6 29. Qxb6 Bxf3 30. Bxb8 Bxd1 31. Bf4 Bxg4 32. Qc6 Re4 33. Rd8+ Kg7 34. Qd6 Re2+ 35. Kf1 Qxc2 36. Qf8+ Kg6 37. Qxh6+ Kf5 38. Rd5+ Ke4 39. Qxf6 Rf2+ 40. Kg1 Rg2+ 41. Kh1 Qb1+ 42. Kxg2 Bf3+ 43. Kg3 Qf1 44. Qe5# 1-0

[Event "*** Titled Tuesday Blitz"]
[Site "Chess.com"]
[Date "2021.03.02"]
[Round "4"]
[White "anon481216"]
[Black "mbojan"]
[Result "0-1"]
[WhiteElo "2474"]
[BlackElo "2631"]
[TimeControl "180+1"]
[EndTime "10:40:16 PST"]
[Termination "mbojan won by resignation"]

1. d4 g6 2. c4 Bg7 3. e4 d6 4. Nc3 e5 5. Nf3 Nc6 6. Bg5 f6 7. Be3 Nh6 8. dxe5 dxe5 9. Qxd8+ Kxd8 10. O-O-O+ Bd7 11. h3 Nf7 12. c5 Kc8 13. Bc4 Ncd8 14.
Rd2 Be6 15. Be2 Bh6 16. Bxh6 Nxh6 17. Rhd1 c6 18. Nh2 f5 19. b4 Nhf7 20. Kb2 b6 21. Na4 Kc7 22. Kc3 b5 23. Nb2 a5 24.
a3 axb4+ 25. Kxb4 Nb7 26. a4 bxa4 27. Nxa4 Rxa4+ 28. Kxa4 Nxc5+ 29. Ka5 Ra8+ 30. Kb4 Nxe4 31. Rb2 c5+ 32. Kb5 Nfd6+ 33. Rxd6 Nxd6+ 34. Kxc5 Ne4+ 35. Kb4 Rb8+ 36. Ka3 Ra8+ 37. Kb4 Rb8+ 38. Ka3 Rxb2 39. Kxb2 Nxf2 40. Nf3 Kd6 41. Kc3 e4 42. Ng5 h6 43.
Nh7 Ke5 44. Nf8 Bf7 45. Nd7+ Kf4 46. Kd2 Kg3 47. Bf1 f4 48. Ne5 e3+ 49. Ke1 Bd5 50. Nxg6 Bxg2 51. Bxg2 Kxg2 52. Nxf4+ Kf3 53. Nd5 Nd3+ 54.
Kd1 e2+ 55. Kc2 e1=Q 56. Kxd3 Qe4+ 57. Kc3 Qxd5 0-1

[Event "*** Titled Tuesday Blitz"]
[Site "Chess.com"]
[Date "2021.03.02"]
[Round "4"]
[White "IngOscarArdila"]
[Black "Ajedrez_con_German"]
[Result "0-1"]
[WhiteElo "2246"]
[BlackElo "2566"]
[TimeControl "180+1"]
[EndTime "10:40:16 PST"]
[Termination "Ajedrez_con_German won by resignation"]

1. d4 g6 2. c4 Bg7 3. Nf3 d6 4. Nc3 Nd7 5. e4 e5 6. d5 Ngf6 7. Be2 O-O 8. Qc2 a5 9. h4 Nc5 10. Bg5 h6 11. Be3 Nfxe4 12. Nxe4 Nxe4 13. O-O-O f5 14.
Nd2 Nc5 15. f4 exf4 16. Bxf4 Qf6 17. Nf3 Ne4 18. Be3 Ng3 19. Bd4 Qf7 20. Rhe1 Bd7 21. Bd3 Rae8 22. Qf2 Ne4 23. Qc2 b6 24. Bxe4 fxe4 25.
Bxg7 Qxg7 26. Nd4 Bf5 27. Re3 h5 28. Qd2 Re7 29. Rde1 Ref7 30. Rg3 Kh7 31. Qe3 Qh6 32.
Rg5 Rf6 33. Ne2 Bg4 34. Nd4 Bf5 35. Ne2 Bg4 36. Nd4 Bd7 37. Ne2 Rf1 38. Rxf1 Rxf1+ 39. Kd2 Qg7 40. Qd4 Qxd4+ 41. Nxd4 Bf5 42. Ke3 Re1+ 43. Kf4 Rf1+ 44. Ke3 Re1+ 45. Kf4 e3 46. Nxf5 gxf5 47.
Rxf5 Rf1+ 0-1

[Event "*** Titled Tuesday Blitz"]
[Site "Chess.com"]
[Date "2021.03.02"]
[Round "4"]
[White "Skat2704"]
[Black "yuki_chess123"]
[Result "1-0"]
[WhiteElo "2561"]
[BlackElo "2233"]
[TimeControl "180+1"]
[EndTime "10:40:17 PST"]
[Termination "Skat2704 won on time"]

1. d4 g6 2. c4 Bg7 3. Nc3 d6 4. e4 Nf6 5. Nf3 O-O 6. Be2 e5 7. dxe5 dxe5 8. Qxd8 Rxd8 9. Bg5 Re8 10. O-O c6 11. Nd2 Na6 12. f3 Nc7 13. Nb3 Ne6 14. Be3 Nd7 15. Na4 Bf8 16. Rfd1 b6 17. Rd2 Ndc5 18.
Nbxc5 bxc5 19. Rad1 Nd4 20. g3 f6 21. Kf2 Be6 22. b3 Rab8 23. h4 Rb4 24. h5 Nxe2 25.
Rxe2 Bxc4 26. Rc2 Bf7 27. Bxc5 Bxc5+ 28. Rxc5 Rf8 29. hxg6 Bxg6 30. Rxc6 Be8 31. Ra6 Bxa4 32. Rxa4 Rxa4 33. bxa4 Rf7 34. Rd8+ Kg7 35. a5 Rc7 36. a6 Kg6 37. Rg8+ Kf7 38. Rb8 Ke6 39. Rb7 Kd6 40. Kg2 h5 41. Kh3 Rc3 42. Rxa7 Rxf3 43. Rh7 Ra3 44. a7 Rxa2 45. Rf7 Ke6 46. Rb7 Kd6 47.
g4 hxg4+ 48. Kxg4 Kc6 49. Rf7 Rg2+ 50. Kf5 Ra2 51. Kxf6 Kd6 52. Rh7 Ra6 53. Kf5 1-0

[Event "*** Titled Tuesday Blitz"]
[Site "Chess.com"]
[Date "2021.03.02"]
[Round "4"]
[White "Rud_Makarian"]
[Black "Konavets"]
[Result "1-0"]
[WhiteElo "2794"]
[BlackElo "2932"]
[TimeControl "180+1"]
[EndTime "10:40:18 PST"]
[Termination "Rud_Makarian won by resignation"]

1. d3 e5 2. e4 Nc6 3. Nf3 f5 4. Nc3 Nf6 5. Bg5 Bb4 6. Qd2 fxe4 7. Bxf6 Qxf6 8. dxe4 O-O 9. Bc4+ Kh8 10. a3 Bxc3 11. Qxc3 Nd4 12. Be2 Nxe2 13. Kxe2 d6 14. h3 Qg6 15.
Qe3 b6 16. Kf1 Ba6+ 17. Kg1 Rf4 18. Nd2 Raf8 19. f3 h5 20. h4 Bc8 21. a4 a5 22.
c3 Be6 23. b4 Kg8 24. Kf2 Qe8 25.
Qd3 Qd8 26. g3 R4f6 27. Kg2 Rg6 28. Kh2 Rf4 29. Kg2 Rxh4 30. Rxh4 Qxh4 31. Nf1 Bh3+ 32. Kf2 Bxf1 33. Qd5+ Kf8 34. gxh4 Bh3 35. Qa8+ Ke7 36. Qb8 Kd7 37. Qf8 Rg2+ 38. Ke3 Be6 39. Qh8 Bc4 40.
f4 exf4+ 41. Kxf4 Rg4+ 42. Ke3 Rxh4 43. Qxg7+ Kc6 44. Rg1 Rh3+ 45. Rg3 Rh1 46. Qe7 Re1+ 47. Kd2 Re2+ 48. Kd1 Rf2 49. b5+ Kb7 50. Rg7 1-0

[Event "*** Titled Tuesday Blitz"]
[Site "Chess.com"]
[Date "2021.03.02"]
[Round "4"]
[White "PotapovaM"]
[Black "nrvisakh"]
[Result "0-1"]
[WhiteElo "2531"]
[BlackElo "2791"]
[TimeControl "180+1"]
[EndTime "10:40:18 PST"]
[Termination "nrvisakh won by resignation"]

1. d4 d5 2. c4 dxc4 3. e4 Nf6 4.
e5 Nd5 5. Bxc4 Nc6 6. Nf3 Bg4 7. O-O e6 8. Be3 Qd7 9. Nc3 Nb6 10. Bb5 a6 11. Be2 O-O-O 12. Qb3 Be7 13. Rfd1 Na5 14. Qc2 Kb8 15. Ne4 Nd5 16. Bd2 Nc6 17. Be3 f5 18.
Nc5 Bxc5 19. dxc5 Nxe3 20. fxe3 Qe7 21. Qc3 Rxd1+ 22. Rxd1 Rd8 23. b4 Rxd1+ 24. Bxd1 Qd7 25. Be2 Qd5 26. h3 Bxf3 27. Bxf3 Qxe5 28. Qd2 Kc8 29. a4 Qa1+ 30. Kh2 Ne5 31. Be2 Nd7 32. b5 axb5 33. axb5 Qe5+ 34. Kg1 Nxc5 35. Qa2 Qxe3+ 36. Kh1 Ne4 37. Qxe6+ Kb8 38. Qg8+ Ka7 39. Qa2+ Kb6 40. Qe6+ Ka5 41. Qa2+ Kb4 42. Qc4+ Ka3 43. Qxc7 Ng3+ 44. Kh2 Nxe2 45. Qd6+ Ka4 46. b6 Qf4+ 47. Qxf4+ Nxf4 48. Kg3 Nd5 49. Kf3 Kb5 50. g4 Kxb6 51. gxf5 Kc5 52. Ke4 b5 53. f6 Nxf6+ 0-1

[Event "*** Titled Tuesday Blitz"]
[Site "Chess.com"]
[Date "2021.03.02"]
[Round "4"]
[White "AliKa2810"]
[Black "Kotofeyca"]
[Result "1-0"]
[WhiteElo "2552"]
[BlackElo "2385"]
[TimeControl "180+1"]
[EndTime "10:40:19 PST"]
[Termination "AliKa2810 won on time"]

1. Nf3 d5 2. g3 c6 3. Bg2 Bg4 4. O-O Nd7 5. h3 Bh5 6. d4 e6 7. c4 Bd6 8. Nc3 Ngf6 9. cxd5 exd5 10. Nh4 O-O 11. f4 Ne8 12. Qd3 Bc7 13. e4 dxe4 14.
Nxe4 Nd6 15. Ng5 Bg6 16. f5 h6 17. Ngf3 Bh7 18. Bf4 Nf6 19. Rae1 Nd5 20. Be5 f6 21. Bxd6 Qxd6 22. g4 Qg3 23. Qb3 Kh8 24. Qc2 Nf4 25.
Re7 Nxh3+ 26. Kh1 Bd6 27. Rd7 Rad8 28. Rxb7 Rde8 29. Rb3 Re7 30. Ng6+ Bxg6 31. fxg6 Rfe8 32. Ne5 Bxe5 33. Rxg3 Bxg3 34. Bxh3 Re2 35. Qxc6 R8e3 36. Qc8+ Re8 37. Qc4 Rh2+ 38. Kg1 Rxh3 39. Kg2 Rh2+ 40. Kxg3 Rhe2 41. Rf3 Re1 42. d5 Rg1+ 43. Kf2 Rd1 44. Qc6 Rd8 45. Re3 Kg8 46. d6 Rd2+ 47. Ke1 Rd4 48.
Re6 Kf8 49. Qc7 1-0

[Event "*** Titled Tuesday Blitz"]
[Site "Chess.com"]
[Date "2021.03.02"]
[Round "4"]
[White "Homyakova_Elena"]
[Black "InitiatingASC"]
[Result "0-1"]
[WhiteElo "2278"]
[BlackElo "2443"]
[TimeControl "180+1"]
[EndTime "10:40:19 PST"]
[Termination "InitiatingASC won on time"]

1. e4 c5 2. Nf3 Nc6 3. d4 cxd4 4. Nxd4 Nf6 5. Nc3 e5 6. Ndb5 h6 7. Nd5 Nxd5 8. exd5 a6 9. dxc6 axb5 10. cxd7+ Bxd7 11. Be2 Qc7 12. O-O Bd6 13. c3 O-O 14. Qb3 Be6 15. Qxb5 Rxa2 16. Rxa2 Bxa2 17. c4 Ra8 18. Be3 e4 19. h3 Qc6 20. Qxc6 bxc6 21. Ra1 Be5 22. Bc1 Ra4 23. Kf1 f5 24. Ke1 g5 25. c5 Bb3 26. Rxa4 Bxa4 27. b4 Bd4 28. Bc4+ Kg7 29. Be3 Bc3+ 30. Bd2 Be5 31. Ke2 Kf6 32. f3 exf3+ 33. Kxf3 h5 34. h4 gxh4 35. Be1 Bd1+ 36. Ke3 Bg3 37. Bc3+ Ke7 38. b5 Kd7 39. b6 Bg4 40.
Bf6 h3 41. gxh3 Bxh3 42. Kf3 Bb8 43. Ba6 Bg4+ 44. Kg2 f4 45. Bd4 f3+ 46. Kf2 h4 47. Kg1 h3 48. Bf2 h2+ 49. Kh1 Bh3 50. Bg3 Bxg3 51.
Bf1 Bxf1 0-1

[Event "*** Titled Tuesday Blitz"]
[Site "Chess.com"]
[Date "2021.03.02"]
[Round "4"]
[White "Oglob71"]
[Black "PetrolulSah"]
[Result "0-1"]
[WhiteElo "2377"]
[BlackElo "2195"]
[TimeControl "180+1"]
[EndTime "10:40:19 PST"]
[Termination "PetrolulSah won by checkmate"]

1. d4 Nf6 2. Nf3 g6 3. c4 Bg7 4. Nc3 d5 5. Bg5 Ne4 6. cxd5 Nxg5 7. Nxg5 e6 8. Nf3 exd5 9. e3 O-O 10. Be2 c6 11.
O-O Nd7 12. Ne1 Re8 13. Nd3 Nf6 14. Nc5 Ne4 15. N3xe4 dxe4 16. Rc1 Qb6 17. Qb3 Be6 18. Nxe6 Qxb3 19. axb3 Rxe6 20. b4 a6 21. Bc4 Ree8 22. Rc2 Bf8 23. d5 Bxb4 24. dxc6 bxc6 25. Rd1 a5 26. g3 Rad8 27. Rxd8 Rxd8 28. b3 Rd1+ 29.
Kg2 h5 30. h4 Kf8 31. Ba6 c5 32. f3 exf3+ 33. Kxf3 f5 34. e4 fxe4+ 35. Kxe4 Ke7 36. Bc4 Rg1 37. Kf3 Rd1 38. Re2+ Kf8 39. Re6 Kg7 40. Rc6 Rd8 41. Ke2 Re8+ 42. Kf3 Rf8+ 43. Kg2 Rf6 44. Rc7+ Kf8 45. Bd3 Rd6 46. Be4 Rd2+ 47. Kf3 Rb2 48. Bd5 Rd2 49. Bc4 Rd4 50. Rf7+ Ke8 51. Rg7 a4 52. Bb5+ Kf8 53. Rxg6 axb3 54. Ke3 b2 55.
Rf6+ Ke7 56. Rf1 Rd2 57. Bd3 Rg2 58. Kf3 Rd2 59. Bb1 Kd6 60. Ke3 Kd5 61. Rf5+ Kc4 62. Ba2+ Kc3 63. Rxh5 Rd1 64. Rf5 Ra1 65. Rf3 Rxa2 66. Ke4+ Kc2 67. Rf2+ Kb3 68. Rf3+ Bc3 69. Rf1 Ra1 70. Rf8 b1=Q+ 71. Kd5 Qd3+ 72. Kc6 Ra6+ 73. Kc7 Qd6+ 74. Kb7 Qc6+ 75. Kb8 Ra8# 0-1

[Event "*** Titled Tuesday Blitz"]
[Site "Chess.com"]
[Date "2021.03.02"]
[Round "4"]
[White "Pelopidass"]
[Black "zacachess"]
[Result "0-1"]
[WhiteElo "2595"]
[BlackElo "2441"]
[TimeControl "180+1"]
[EndTime "10:40:21 PST"]
[Termination "zacachess won by resignation"]

1. d4 Nf6 2. Nf3 e6 3. c4 Bb4+ 4. Nbd2 b6 5. e3 Bb7 6. Bd3 O-O 7. O-O c5 8. a3 Bxd2 9. Bxd2 d6 10. b4 Nbd7 11. Bc3 Qe7 12. Qe2 e5 13. Nd2 Rfe8 14. d5 Nf8 15. bxc5 bxc5 16. Rfb1 Reb8 17. e4 Bc8 18. Nf1 Ng6 19. g3 Qc7 20. Ne3 Rxb1+ 21. Rxb1 Rb8 22. Qc2 Rxb1+ 23. Qxb1 Qb6 24. Qxb6 axb6 25.
a4 Kf8 26. a5 bxa5 27. Bxa5 Ke7 28. f3 Nf8 29. Bc2 g6 30. Ba4 Bd7 31. Bd1 Ne8 32. Bc2 Ng7 33. Nd1 f5 34. Nc3 Nh5 35. Kg2 Nf6 36. Bc7 Ne8 37. Bb6 h5 38. h4 Nh7 39. Ba5 Nhf6 40. Kf2 Ng7 41. Ne2 fxe4 42. fxe4 Ng4+ 43. Ke1 Ne8 44. Bd3 Nef6 45. Bd2 Ne8 46.
Bg5+ Kf7 47. Nc3 Nh2 48. Ke2 Bg4+ 49. Kf2 Nf3 50. Be2 Nxg5 51. hxg5 Bxe2 52. Kxe2 Ke7 53. Kf3 Nc7 54. g4 hxg4+ 55. Kxg4 Na6 56. Nd1 Nb4 57. Ne3 Nc2 58. Kf3 Nxe3 59. Kf2 Nxc4 60. Ke2 Nb6 61. Kd3 Kd7 62. Kc3 Kc7 63. Kb3 Kb7 0-1

[Event "*** Titled Tuesday Blitz"]
[Site "Chess.com"]
[Date "2021.03.02"]
[Round "4"]
[White "Duhless"]
[Black "fearless_guy"]
[Result "0-1"]
[WhiteElo "3067"]
[BlackElo "2816"]
[TimeControl "180+1"]
[EndTime "10:40:24 PST"]
[Termination "fearless_guy won on time"]

1. d4 Nf6 2. Nf3 e6 3. c4 Bb4+ 4. Bd2 a5 5. g3 d5 6. a3 Be7 7.
Bg2 O-O 8. O-O c6 9. Qc2 b6 10. Bf4 Nbd7 11. Nbd2 Ba6 12. Rac1 Rc8 13. e4 c5 14. e5 Ne8 15. Rfd1 cxd4 16. Nxd4 g5 17. Be3 Nxe5 18. h3 Nxc4 19. Nxc4 Rxc4 20. Qd2 Rxc1 21.
Rxc1 Bb7 22. Nc6 Bxc6 23. Rxc6 b5 24. Bf1 Nd6 25. Bb6 Qe8 26. Rxd6 Bxd6 27. Qxg5+ Kh8 28.
Qf6+ Kg8 29. Bd4 e5 30. Qg5+ Kh8 31. Qf6+ Kg8 32. Qxd6 exd4 33. Qxd5 Qd8 34. Qxb5 Re8 35. Bd3 h6 36. Qf5 Re6 37. Bc4 Rf6 38. Qg4+ Kf8 39.
Qe4 Qd6 40. h4 Kg7 41. Bd3 Re6 42. Qh7+ Kf8 43. Qf5 Qe5 44. Qf3 Ke7 45. Qb7+ Kf8 46. Qf3 Rf6 47. Qa8+ Kg7 48. Kg2 Qe1 0-1

[Event "*** Titled Tuesday Blitz"]
[Site "Chess.com"]
[Date "2021.03.02"]
[Round "4"]
[White "Faqade"]
[Black "Beca95"]
[Result "0-1"]
[WhiteElo "2710"]
[BlackElo "2889"]
[TimeControl "180+1"]
[EndTime "10:40:25 PST"]
[Termination "Beca95 won by resignation"]

1. e4 e5 2. Nf3 Nf6 3. Nc3 Bb4 4. Bd3 Bxc3 5. dxc3 d6 6. Qe2 h6 7. h3 Nbd7 8. Be3 Qe7 9. O-O-O Nc5 10. Nd2 Be6 11. Kb1 O-O-O 12. g4 Kb8 13. f3 Bc8 14. h4 Nfd7 15. Qf2 b6 16. Nb3 Ne6 17. Bc4 Bb7 18. a4 Nf4 19. a5 g5 20. Bb5 Nc5 21. Nd2 Nce6 22. Bc4 Ng6 23. hxg5 hxg5 24. Bxe6 fxe6 25. axb6 axb6 26. Nc4 d5 27. Rxh8 Rxh8 28. Nd2 Qf6 29. Qe2 d4 30. cxd4 exd4 31. Bg1 e5 32. Qb5 Rh1 33. Qe8+ Bc8 34. b3 Nf4 35. Kb2 Ne2 36. Ra1 Rh8 37. Qb5 Nc3 38. Qd3 Bb7 39. Nb1 Rh3 40. Nxc3 Rxf3 41. Nd5 Bxd5 42. Qb5 Bc6 43. Qe2 Rf4 44. Re1 Rxe4 45. Qd1 Rxe1 46. Qxe1 e4 47. Kb1 d3 48. cxd3 exd3 49. Qd2 Qf3 50. Be3 Qxg4 51. Bxg5 Kb7 52. Kb2 Qe4 53. Be3 Bd7 54. Bf2 Be6 55. Bg3 Qd5 56. Qc3 d2 57.
Qxc7+ Ka6 58. Bf2 Qxb3+ 0-1

[Event "*** Titled Tuesday Blitz"]
[Site "Chess.com"]
[Date "2021.03.02"]
[Round "4"]
[White "Grimlock_Glasgow"]
[Black "NoGuru"]
[Result "1/2-1/2"]
[WhiteElo "2454"]
[BlackElo "2299"]
[TimeControl "180+1"]
[EndTime "10:40:25 PST"]
[Termination "Game drawn by agreement"]

1. e4 e5 2. Nf3 Nc6 3. Bc4 Bc5 4.
c3 Nf6 5. d4 exd4 6. e5 d5 7.
Bb5 Ne4 8. cxd4 Bb6 9. Nc3 O-O 10. Be3 Bg4 11. h3 Bh5 12. Qc2 Nxc3 13. bxc3 f6 14. exf6 Qxf6 15. Be2 Rad8 16. O-O Na5 17. Ne5 Bxe2 18.
Qxe2 c6 19. f4 Bc7 20. g4 Bxe5 21. dxe5 Qh4 22. Qg2 b6 23. f5 Nc4 24. Bf4 d4 25. cxd4 Rxd4 26. Bg3 Qe7 27. Rae1 Rd2 28. Qxc6 Na5 29.
Qe6+ Qxe6 30. fxe6 Re8 31. Rc1 Nb7 32. Rc7 Nc5 33.
Rff7 Nxe6 34. Rxa7 b5 35. Rfe7 Rxe7 36. Rxe7 Nc5 37. e6 Kf8 38. Rf7+ Ke8 39. Bh4 Nxe6 40. Re7+ Kf8 41. Rxe6 Rxa2 42. Rb6 Rb2 43. Rb7 b4 44. Bf2 b3 45. Bd4 Rb1+ 46. Kg2 g6 47.
Kg3 Rd1 48. Bc3 Rd3+ 49. Kf4 Rxc3 50. h4 Rc5 51. Rxb3 h5 52. gxh5 gxh5 53. Rb7 Kg8 54. Rd7 Kh8 55. Rb7 1/2-1/2

[Event "*** Titled Tuesday Blitz"]
[Site "Chess.com"]
[Date "2021.03.02"]
[Round "4"]
[White "kuba2006"]
[Black "Romadk"]
[Result "1-0"]
[WhiteElo "2375"]
[BlackElo "2404"]
[TimeControl "180+1"]
[EndTime "10:40:25 PST"]
[Termination "kuba2006 won by checkmate"]

1. b3 e5 2. Bb2 Nc6 3. e3 Nf6 4. Bb5 Bd6 5. Nf3 e4 6. Nd4 Ne5 7. O-O c6 8. Be2 Bc7 9. f4 exf3 10. Nxf3 Ng6 11. Ng5 Be5 12. d4 Bc7 13. d5 Be5 14.
Bxe5 Nxe5 15. d6 Qb6 16. Qd4 Qxd4 17. exd4 Ng6 18. Bc4 O-O 19. Nc3 b5 20. Bd3 a5 21.
Rae1 a4 22. b4 Bb7 23. Nge4 Ne8 24. g4 f6 25. Ne2 Nh8 26. c4 Nf7 27. c5 a3 28.
N2c3 Ra7 29. Ng3 Ng5 30. Re7 Ne6 31. Nce2 Bc8 32. Nh5 Ra4 33. Rb1 Nd8 34. Bc2 Ra8 35.
Bb3+ Kh8 36. Neg3 g6 37. Nf4 Ng7 38. Rbe1 f5 39. gxf5 Nxf5 40. Nxf5 gxf5 41. Re8 Kg7 42. Nh5+ Kg6 43. Rxf8 Kxh5 44. Rxd8 Bb7 45. Ree8 Ra7 46.
Rb8 f4 47. Red8 f3 48. Rxd7 f2+ 49. Kxf2 Ra4 50. Bxa4 bxa4 51. Rdxb7 Kh4 52. Rxh7+ Kg5 53. Rf7 Kg6 54. Rf3 Kg7 55. Re8 Kg6 56. Re1 Kg7 57. Rg1+ Kh7 58. Rh3# 1-0

[Event "*** Titled Tuesday Blitz"]
[Site "Chess.com"]
[Date "2021.03.02"]
[Round "4"]
[White "Caracternin123"]
[Black "RaphCamora"]
[Result "1-0"]
[WhiteElo "2607"]
[BlackElo "2352"]
[TimeControl "180+1"]
[EndTime "10:40:27 PST"]
[Termination "Caracternin123 won on time"]

1. e4 c5 2. Nf3 Nc6 3. d4 cxd4 4. Nxd4 Nf6 5. Nc3 e5 6. Ndb5 d6 7. Bg5 a6 8. Na3 b5 9. Nd5 Be7 10. Bxf6 Bxf6 11. c4 Nd4 12. cxb5 Be6 13. bxa6 Bxd5 14.
exd5 Qa5+ 15. Qd2 Qxd5 16. Bb5+ Ke7 17. O-O Nf3+ 18. gxf3 Qxd2 19. Nc4 Qf4 20. Nb6 Qxf3 21. Nxa8 Rxa8 22. Rac1 Bg5 23. Rc3 Qg4+ 24. Rg3 Qh4 25. h3 Bf4 26. Rc3 e4 27. a4 e3 28. Kg2 Qg5+ 29.
Kf3 exf2 30. Rxf2 Be5 31. Rc7+ Kf8 32. Ke2 f6 33. Bc4 Bd4 34. Rf1 Qe3+ 35. Kd1 Bxb2 36.
Rf7+ Ke8 37. Re1 Qxe1+ 38. Kxe1 Rxa6 39. Rxg7 Ra5 40. Rxh7 Bc3+ 41. Ke2 d5 42. Bb5+ Kf8 43.
Kd3 d4 44. h4 Kg8 45. Rd7 Ra8 46. h5 Kh8 47. h6 Bb2 48. Ke4 f5+ 49. Kxf5 d3 50.
Rxd3 Rf8+ 51. Kg6 Rf6+ 52. Kg5 Rf8 53. Rd7 Bc1+ 54. Kh5 Rf5+ 55. Kg6 Rg5+ 56. Kf6 Rg8 57. Bd3 Rf8+ 58. Kg6 Rg8+ 59. Kh5 Rf8 60. a5 Be3 61. a6 Bf2 62. a7 Be3 63. Rb7 Bxa7 64. Rxa7 Rf5+ 65.
Bxf5 1-0